 Dungeon Crawl Stone Soup version 0.29.0-4-gdea44cf6ec (webtiles) character file.

Game seed: 762480975594472922

15090 qw the Brawler (level 11, -1/109 HPs)
             Began as a Troll Cinder Acolyte on Sept 1, 2022.
             Was a Follower of Ignis.
             Killed from afar by an ice statue (17 damage)
             ... with a bolt of cold
             ... on level 1 of the Lair of Beasts.
             The game lasted 00:10:57 (9070 turns).

qw the Brawler (Troll Cinder Acolyte)               Turns: 9070, Time: 00:10:58

Health: -1/109     AC: 18    Str: 28    XL:     11   Next: 97%
Magic:  11/11      EV:  9    Int: 13    God:    Ignis [*.....]
Gold:   699        SH:  0    Dex:  5    Spells: 12/12 levels left

rFire   + + .      SeeInvis .     - Unarmed
rCold   . . .      Faith    .   (no shield)
rNeg    . . .      Spirit   .   k - +1 acid dragon scales
rPois   +          Reflect  .   a - +1 hat {Int+3}
rElec   .          Harm     .   g - +0 cloak
rCorr   +          Rampage  .   (gloves unavailable)
Will    .....                   (boots unavailable)
Stlth   ..........              f - amulet of regeneration
HPRegen 1.88/turn               p - ring of poison resistance
MPRegen 0.12/turn               i - ring of protection from fire

@: fiery-armoured
A: large, unfitting armour, claws 3, regeneration 1, shaggy fur 1, tough skin 1
a: Renounce Religion, Fiery Armour, Foxfire Swarm, Rising Flame


You were on level 1 of the Lair of Beasts.
You worshipped Ignis.
Ignis was aware of your devotion.
You visited 2 branches of the dungeon, and saw 11 of its levels.

You collected 699 gold pieces.


Innate Abilities, Weirdness & Mutations

You are too large for most types of armour.
You have claws for hands.
Your natural rate of healing is unusually fast.
You are covered in fur. (AC +1)
You have tough skin. (AC +1)


   Skills:
 - Level 7.1 Fighting
 - Level 5.1 Throwing
 - Level 3.0 Armour
 - Level 2.0 Dodging
 + Level 16.2 Unarmed Combat
 - Level 1.0 Spellcasting
 - Level 2.1 Fire Magic


You had 12 spell levels left.
You didn't know any spells.
Your spell library contained the following spells:

 Spells                   Type           Power      Damage    Failure   Level
 Scorch                   Fire           12%        2d5       21%         2

Inventory:

Missiles
 d - 2 boomerangs
 h - 5 silver javelins (quivered)
Armour
 a - a +1 hat of intelligence (worn)
 g - a +0 cloak (worn)
 k - +1 acid dragon scales (worn)
Jewellery
 f - an amulet of regeneration (around neck)
 i - a ring of protection from fire (right claw)
 j - a ring of resist corrosion
 p - a ring of poison resistance (left claw)
Scrolls
 m - 4 scrolls of identify
Potions
 b - 3 potions of haste
 c - 3 potions of cancellation
 e - 4 potions of curing
 n - a potion of resistance

Dungeon Overview and Level Annotations

Branches:
Dungeon (10/15)            Temple (0/1) D:4            Lair (1/5) D:10
    Orc (0/2) D:9

Altars:
Ashenzari
Elyvilon
Fedhas
Hepliaklqana
Makhleb
Okawaru
Qazlal
Ru
Trog
Wu Jian
Xom

Shops:
D:8 (

Portals:
Abyss: D:3

Annotations:
D:3 2 transporters, Xumpusso's ghost, weakling TeWr


Message History

The ice statue gestures.
An ice beast comes into view.
You barely miss the ice beast. You claw the ice beast!
The ice beast is moderately wounded.
You closely miss the ice beast. You claw the ice beast.
The ice beast is heavily wounded.
The ice statue gestures at you. The freezing blast engulfs you!
The ice beast hits you but does no damage.
You claw the ice beast!
The ice beast is almost dead.
You are engulfed in freezing vapours.
The ice beast hits you. The ice beast freezes you!
The ice beast melts!
The ice beast is burned by your cloak of flames.
You kill the ice beast!
The ice beast disappears in a puff of smoke!
You're standing in a cloud of freezing vapour!
You're standing in a cloud of freezing vapour!
9062 ||| Stepping randomly (stuck).
You are engulfed in freezing vapours.
9063 ||| Stepping ~*~*~tactically~*~*~ (cloud).
The ice statue gestures.
The ice beast hits you but does no damage.
The ice beast melts!
The ice beast is burned by your cloak of flames.
The ice beast is moderately wounded.
You claw the ice beast!
The ice beast is severely wounded.
You mangle the ice beast!!
You kill the ice beast!
The ice beast disappears in a puff of smoke!
You mangle the ice statue!!
The ice statue is moderately damaged.
You mangle the ice statue!!
The ice statue is heavily damaged.
You claw the ice statue!
The ice statue is severely damaged.
The ice statue gestures at you. The bolt of cold hits you!
You die...

#######################
......8$?)[)).8........
.......@..\............
~...........(.....~~~~~
~~~~.~~~......~.~~~~~~~
~~~~~~~~~~~~(~~~~~~~~~~
#~~~~~~~~~~~~~~~~~~~###
####~~~~~~~~~~~~~#~## ##
!#P##.##.%...###..#.###.
...................%............
.....................###+##.?...


You could see an ice statue.

Vanquished Creatures
  Gastronok (D:8)
  A hydra (Lair:1)
  2 death yaks (Lair:1)
  Urug (D:10)
  A cane toad (Lair:1)
  2 rime drakes (Lair:1)
  4 komodo dragons
  An ice devil (Lair:1)
  A hornet (D:10)
  2 blink frogs (Lair:1)
  A wyvern (D:5)
  A shadow (D:9)
  A vampire (D:10)
  A wraith (D:8)
  19 yaks
  4 vampire mosquitoes (D:10)
  3 acid dragons
  6 water moccasins
  4 sky beasts
  2 ice beasts
  2 ogres (D:6)
  3 orc warriors
  2 centaurs
  2 wolves (Lair:1)
  A kobold brigand (D:9)
  3 bullfrogs
  A gnoll sergeant (D:6)
  A two-headed ogre simulacrum (Lair:1)
  2 necrophages
  2 scorpions (D:5)
  2 cane toad simulacra (Lair:1)
  4 wights (D:10)
  17 killer bees (D:9)
  3 howler monkeys (D:7)
  2 jellies
  6 hounds (D:5)
  4 orc priests
  5 iguanas
  Terence (D:3)
  2 gnoll boudas
  10 orc wizards
  21 gnolls
  A naga simulacrum (Lair:1)
  10 adders
  2 shadow imps
  3 white imps
  2 ufetubi
  4 dart slugs
  31 orcs
  7 ball pythons
  9 bats
  6 endoplasms
  4 giant cockroaches
  7 hobgoblins
  4 quokkas
  A frilled lizard (D:2)
  14 goblins
  9 kobolds
  6 rats
  A plant (D:10)
275 creatures vanquished.

Vanquished Creatures (others)
  A hound (D:5)
  An adder (D:5)
  5 fungi
  9 plants
16 creatures vanquished.

Grand Total: 291 creatures vanquished

Notes
Turn   | Place    | Note
-------+----------+-------------------------------------------
     0 | D:1      | qw the Troll Cinder Acolyte began the quest for the Orb.
     0 | D:1      | Reached XP level 1. HP: 22/22 MP: 1/1
     0 | D:1      | 0 ||| qw: Version: 0.1-a-97-g2dd2ca4
     0 | D:1      | 0 ||| qw: Game counter: 4761
     0 | D:1      | 0 ||| qw: Always use a shield: true
     0 | D:1      | 0 ||| qw: God list: Okawaru
     0 | D:1      | 0 ||| qw: Allow faded altars: false
     0 | D:1      | 0 ||| qw: Do Orc after D:15 true
     0 | D:1      | 0 ||| qw: Do second Lair branch before Depths: true
     0 | D:1      | 0 ||| qw: Lair rune preference: random
     0 | D:1      | 0 ||| qw: Plans: Normal
     0 | D:1      | 0 ||| PLANNING D:1-11
   165 | D:1      | Reached XP level 2. HP: 29/29 MP: 2/2
   401 | D:1      | Reached skill level 4 in Unarmed Combat
   688 | D:1      | Reached XP level 3. HP: 36/36 MP: 3/3
   773 | D:1      | 773 ||| UPGRADING to +0 cloak.
   778 | D:1      | 778 ||| UPGRADING to amulet of regeneration.
   783 | D:1      | 783 ||| READING scroll labelled DIATAB PATERGH.
   784 | D:1      | 784 ||| READING scroll labelled SESTOIGELA.
   785 | D:1      | 785 ||| READING scroll labelled LARA JENWESH.
   786 | D:1      | 786 ||| READING scroll labelled FYUFAD UZUIS.
   787 | D:1      | 787 ||| READING scroll labelled BEGASU YKLAO.
   797 | D:1      | 797 ||| Stepping randomly (stuck).
   798 | D:1      | 798 ||| Stepping ~*~*~tactically~*~*~ (cloud).
   813 | D:1      | 813 ||| Stepping randomly (stuck).
   814 | D:1      | 814 ||| Stepping randomly (stuck).
   815 | D:1      | 815 ||| Stepping randomly (stuck).
   816 | D:1      | 816 ||| Stepping randomly (stuck).
   817 | D:1      | 817 ||| Stepping randomly (stuck).
   818 | D:1      | 818 ||| Stepping randomly (stuck).
   819 | D:1      | 819 ||| Stepping randomly (stuck).
   820 | D:1      | 820 ||| Stepping randomly (stuck).
   821 | D:1      | 821 ||| Stepping randomly (stuck).
   822 | D:1      | 822 ||| Stepping randomly (stuck).
   823 | D:1      | 823 ||| Stepping randomly (stuck).
   824 | D:1      | 824 ||| Stepping randomly (stuck).
   825 | D:1      | 825 ||| Stepping randomly (stuck).
   826 | D:1      | 826 ||| Stepping randomly (stuck).
   827 | D:1      | 827 ||| Stepping randomly (stuck).
   828 | D:1      | 828 ||| Stepping randomly (stuck).
   829 | D:1      | 829 ||| Stepping randomly (stuck).
   830 | D:1      | 830 ||| Stepping randomly (stuck).
   831 | D:1      | 831 ||| Stepping randomly (stuck).
   832 | D:1      | 832 ||| Stepping randomly (stuck).
   833 | D:1      | 833 ||| Stepping randomly (stuck).
   834 | D:1      | 834 ||| Stepping randomly (stuck).
   835 | D:1      | 835 ||| Stepping randomly (stuck).
   836 | D:1      | 836 ||| Stepping randomly (stuck).
   837 | D:1      | 837 ||| Stepping randomly (stuck).
   838 | D:1      | 838 ||| Stepping randomly (stuck).
   839 | D:1      | 839 ||| Stepping randomly (stuck).
   840 | D:1      | 840 ||| Stepping randomly (stuck).
   841 | D:1      | 841 ||| Stepping randomly (stuck).
   842 | D:1      | 842 ||| Stepping randomly (stuck).
   843 | D:1      | 843 ||| Stepping randomly (stuck).
   844 | D:1      | 844 ||| Stepping randomly (stuck).
   845 | D:1      | 845 ||| Stepping randomly (stuck).
   846 | D:1      | 846 ||| Stepping randomly (stuck).
   847 | D:1      | 847 ||| Stepping randomly (stuck).
   848 | D:1      | 848 ||| Stepping randomly (stuck).
   849 | D:1      | 849 ||| Stepping randomly (stuck).
   850 | D:1      | 850 ||| Stepping randomly (stuck).
   851 | D:1      | 851 ||| Stepping randomly (stuck).
   852 | D:1      | 852 ||| Stepping randomly (stuck).
   853 | D:1      | 853 ||| Stepping randomly (stuck).
   854 | D:1      | 854 ||| Stepping randomly (stuck).
   855 | D:1      | 855 ||| Stepping randomly (stuck).
   856 | D:1      | 856 ||| Stepping randomly (stuck).
   857 | D:1      | 857 ||| Stepping randomly (stuck).
   858 | D:1      | 858 ||| Stepping randomly (stuck).
   859 | D:1      | 859 ||| Stepping randomly (stuck).
   860 | D:1      | 860 ||| Stepping randomly (stuck).
   861 | D:1      | 861 ||| Stepping randomly (stuck).
   862 | D:1      | 862 ||| Stepping randomly (stuck).
   863 | D:1      | 863 ||| Stepping randomly (stuck).
   864 | D:1      | 864 ||| Stepping randomly (stuck).
   865 | D:1      | 865 ||| Stepping randomly (stuck).
   866 | D:1      | 866 ||| Stepping randomly (stuck).
   867 | D:1      | 867 ||| Stepping randomly (stuck).
   868 | D:1      | 868 ||| Stepping randomly (stuck).
   869 | D:1      | 869 ||| Stepping randomly (stuck).
   870 | D:1      | 870 ||| Stepping randomly (stuck).
   871 | D:1      | 871 ||| Stepping randomly (stuck).
   872 | D:1      | 872 ||| Stepping randomly (stuck).
   873 | D:1      | 873 ||| Stepping randomly (stuck).
   874 | D:1      | 874 ||| Stepping randomly (stuck).
   875 | D:1      | 875 ||| Stepping randomly (stuck).
   876 | D:1      | 876 ||| Stepping randomly (stuck).
   877 | D:1      | 877 ||| Stepping randomly (stuck).
   878 | D:1      | 878 ||| Stepping randomly (stuck).
   879 | D:1      | 879 ||| Stepping randomly (stuck).
   880 | D:1      | 880 ||| Stepping randomly (stuck).
   881 | D:1      | 881 ||| Stepping randomly (stuck).
   882 | D:1      | 882 ||| Stepping randomly (stuck).
   883 | D:1      | 883 ||| Stepping randomly (stuck).
   884 | D:1      | 884 ||| Stepping randomly (stuck).
   885 | D:1      | 885 ||| Stepping randomly (stuck).
   886 | D:1      | 886 ||| Stepping randomly (stuck).
   887 | D:1      | 887 ||| Stepping randomly (stuck).
   888 | D:1      | 888 ||| Stepping randomly (stuck).
   889 | D:1      | 889 ||| Stepping randomly (stuck).
   890 | D:1      | 890 ||| Stepping randomly (stuck).
   891 | D:1      | 891 ||| Stepping randomly (stuck).
   892 | D:1      | 892 ||| Stepping randomly (stuck).
   893 | D:1      | 893 ||| Stepping randomly (stuck).
   894 | D:1      | 894 ||| Stepping randomly (stuck).
   895 | D:1      | 895 ||| Stepping randomly (stuck).
   896 | D:1      | 896 ||| Stepping randomly (stuck).
   897 | D:1      | 897 ||| Stepping randomly (stuck).
   898 | D:1      | 898 ||| Stepping randomly (stuck).
   899 | D:1      | 899 ||| Stepping randomly (stuck).
   900 | D:1      | 900 ||| Stepping randomly (stuck).
   901 | D:1      | 901 ||| Stepping randomly (stuck).
   902 | D:1      | 902 ||| Stepping randomly (stuck).
   903 | D:1      | 903 ||| Stepping randomly (stuck).
   904 | D:1      | 904 ||| Stepping randomly (stuck).
   905 | D:1      | 905 ||| Stepping randomly (stuck).
   906 | D:1      | 906 ||| Stepping randomly (stuck).
   907 | D:1      | 907 ||| Stepping randomly (stuck).
   908 | D:1      | 908 ||| Stepping randomly (stuck).
   909 | D:1      | 909 ||| Stepping randomly (stuck).
   910 | D:1      | 910 ||| Stepping randomly (stuck).
   911 | D:1      | 911 ||| Stepping randomly (stuck).
   912 | D:1      | 912 ||| Stepping randomly (stuck).
   913 | D:1      | 913 ||| Stepping randomly (stuck).
   914 | D:1      | 914 ||| Stepping randomly (stuck).
   915 | D:1      | 915 ||| Stepping randomly (stuck).
   916 | D:1      | 916 ||| Stepping randomly (stuck).
   917 | D:1      | 917 ||| Stepping randomly (stuck).
   918 | D:1      | 918 ||| Stepping randomly (stuck).
   919 | D:1      | 919 ||| Stepping randomly (stuck).
   920 | D:1      | 920 ||| Stepping randomly (stuck).
   921 | D:1      | 921 ||| Stepping randomly (stuck).
   922 | D:1      | 922 ||| Stepping randomly (stuck).
   923 | D:1      | 923 ||| Stepping randomly (stuck).
   924 | D:1      | 924 ||| Stepping randomly (stuck).
   925 | D:1      | 925 ||| Stepping randomly (stuck).
   926 | D:1      | 926 ||| Stepping randomly (stuck).
   927 | D:1      | 927 ||| Stepping randomly (stuck).
   928 | D:1      | 928 ||| Stepping randomly (stuck).
   929 | D:1      | 929 ||| Stepping randomly (stuck).
   930 | D:1      | 930 ||| Stepping randomly (stuck).
   931 | D:1      | 931 ||| Stepping randomly (stuck).
   932 | D:1      | 932 ||| Stepping randomly (stuck).
   933 | D:1      | 933 ||| Stepping randomly (stuck).
   934 | D:1      | 934 ||| Stepping randomly (stuck).
   935 | D:1      | 935 ||| Stepping randomly (stuck).
   936 | D:1      | 936 ||| Stepping randomly (stuck).
   937 | D:1      | 937 ||| Stepping randomly (stuck).
   938 | D:1      | 938 ||| Stepping randomly (stuck).
   939 | D:1      | 939 ||| Stepping randomly (stuck).
   940 | D:1      | 940 ||| Stepping randomly (stuck).
   941 | D:1      | 941 ||| Stepping randomly (stuck).
   942 | D:1      | 942 ||| Stepping randomly (stuck).
   943 | D:1      | 943 ||| Stepping randomly (stuck).
   944 | D:1      | 944 ||| Stepping randomly (stuck).
   945 | D:1      | 945 ||| Stepping randomly (stuck).
   946 | D:1      | 946 ||| Stepping randomly (stuck).
   947 | D:1      | 947 ||| Stepping randomly (stuck).
   948 | D:1      | 948 ||| Stepping randomly (stuck).
   949 | D:1      | 949 ||| Stepping randomly (stuck).
   950 | D:1      | 950 ||| Stepping randomly (stuck).
   951 | D:1      | 951 ||| Stepping randomly (stuck).
   952 | D:1      | 952 ||| Stepping randomly (stuck).
   953 | D:1      | 953 ||| Stepping randomly (stuck).
   954 | D:1      | 954 ||| Stepping randomly (stuck).
   955 | D:1      | 955 ||| Stepping randomly (stuck).
   956 | D:1      | 956 ||| Stepping randomly (stuck).
   957 | D:1      | 957 ||| Stepping randomly (stuck).
   958 | D:1      | 958 ||| Stepping randomly (stuck).
   959 | D:1      | 959 ||| Stepping randomly (stuck).
   960 | D:1      | 960 ||| Stepping randomly (stuck).
   961 | D:1      | 961 ||| Stepping randomly (stuck).
   962 | D:1      | 962 ||| Stepping randomly (stuck).
   963 | D:1      | 963 ||| Stepping randomly (stuck).
   964 | D:1      | 964 ||| Stepping randomly (stuck).
   965 | D:1      | 965 ||| Stepping randomly (stuck).
   966 | D:1      | 966 ||| Stepping randomly (stuck).
   967 | D:1      | 967 ||| Stepping randomly (stuck).
   968 | D:1      | 968 ||| Stepping randomly (stuck).
   969 | D:1      | 969 ||| Stepping randomly (stuck).
   970 | D:1      | 970 ||| Stepping randomly (stuck).
   971 | D:1      | 971 ||| Stepping randomly (stuck).
   972 | D:1      | 972 ||| Stepping randomly (stuck).
   973 | D:1      | 973 ||| Stepping randomly (stuck).
   974 | D:1      | 974 ||| Stepping randomly (stuck).
   975 | D:1      | 975 ||| Stepping randomly (stuck).
   976 | D:1      | 976 ||| Stepping randomly (stuck).
   977 | D:1      | 977 ||| Stepping randomly (stuck).
   978 | D:1      | 978 ||| Stepping randomly (stuck).
   979 | D:1      | 979 ||| Stepping randomly (stuck).
   980 | D:1      | 980 ||| Stepping randomly (stuck).
   981 | D:1      | 981 ||| Stepping randomly (stuck).
   982 | D:1      | 982 ||| Stepping randomly (stuck).
   983 | D:1      | 983 ||| Stepping randomly (stuck).
   984 | D:1      | 984 ||| Stepping randomly (stuck).
   985 | D:1      | 985 ||| Stepping randomly (stuck).
   986 | D:1      | 986 ||| Stepping randomly (stuck).
   987 | D:1      | 987 ||| Stepping randomly (stuck).
   988 | D:1      | 988 ||| Stepping randomly (stuck).
   989 | D:1      | 989 ||| Stepping randomly (stuck).
   990 | D:1      | 990 ||| Stepping randomly (stuck).
   991 | D:1      | 991 ||| Stepping randomly (stuck).
   992 | D:1      | 992 ||| Stepping randomly (stuck).
   993 | D:1      | 993 ||| Stepping randomly (stuck).
   994 | D:1      | 994 ||| Stepping randomly (stuck).
   995 | D:1      | 995 ||| Stepping randomly (stuck).
   996 | D:1      | 996 ||| Stepping randomly (stuck).
   997 | D:1      | 997 ||| Stepping randomly (stuck).
   998 | D:1      | 998 ||| Stepping randomly (stuck).
   999 | D:1      | 999 ||| Stepping randomly (stuck).
  1000 | D:1      | 1000 ||| Stepping randomly (stuck).
  1001 | D:1      | 1001 ||| Stepping randomly (stuck).
  1002 | D:1      | 1002 ||| Stepping randomly (stuck).
  1003 | D:1      | 1003 ||| Stepping randomly (stuck).
  1004 | D:1      | 1004 ||| Stepping randomly (stuck).
  1005 | D:1      | 1005 ||| Stepping randomly (stuck).
  1006 | D:1      | 1006 ||| Stepping randomly (stuck).
  1007 | D:1      | 1007 ||| Stepping randomly (stuck).
  1008 | D:1      | 1008 ||| Stepping randomly (stuck).
  1009 | D:1      | 1009 ||| Stepping randomly (stuck).
  1010 | D:1      | 1010 ||| Stepping randomly (stuck).
  1011 | D:1      | 1011 ||| Stepping randomly (stuck).
  1012 | D:1      | 1012 ||| Stepping randomly (stuck).
  1013 | D:1      | 1013 ||| Stepping randomly (stuck).
  1014 | D:1      | 1014 ||| Stepping randomly (stuck).
  1015 | D:1      | 1015 ||| Stepping randomly (stuck).
  1016 | D:1      | 1016 ||| Stepping randomly (stuck).
  1017 | D:1      | 1017 ||| Stepping randomly (stuck).
  1018 | D:1      | 1018 ||| Stepping randomly (stuck).
  1019 | D:1      | 1019 ||| Stepping randomly (stuck).
  1020 | D:1      | 1020 ||| Stepping randomly (stuck).
  1021 | D:1      | 1021 ||| Stepping randomly (stuck).
  1022 | D:1      | 1022 ||| Stepping randomly (stuck).
  1023 | D:1      | 1023 ||| Stepping randomly (stuck).
  1024 | D:1      | 1024 ||| Stepping randomly (stuck).
  1025 | D:1      | 1025 ||| Stepping randomly (stuck).
  1026 | D:1      | 1026 ||| Stepping randomly (stuck).
  1027 | D:1      | 1027 ||| Stepping randomly (stuck).
  1028 | D:1      | 1028 ||| Stepping randomly (stuck).
  1029 | D:1      | 1029 ||| Stepping randomly (stuck).
  1030 | D:1      | 1030 ||| Stepping randomly (stuck).
  1031 | D:1      | 1031 ||| Stepping randomly (stuck).
  1032 | D:1      | 1032 ||| Stepping randomly (stuck).
  1033 | D:1      | 1033 ||| Stepping randomly (stuck).
  1034 | D:1      | 1034 ||| Stepping randomly (stuck).
  1035 | D:1      | 1035 ||| Stepping randomly (stuck).
  1036 | D:1      | 1036 ||| Stepping randomly (stuck).
  1037 | D:1      | 1037 ||| Stepping randomly (stuck).
  1038 | D:1      | 1038 ||| Stepping randomly (stuck).
  1039 | D:1      | 1039 ||| Stepping randomly (stuck).
  1040 | D:1      | 1040 ||| Stepping randomly (stuck).
  1041 | D:1      | 1041 ||| Stepping randomly (stuck).
  1042 | D:1      | 1042 ||| Stepping randomly (stuck).
  1043 | D:1      | 1043 ||| Stepping randomly (stuck).
  1044 | D:1      | 1044 ||| Stepping randomly (stuck).
  1045 | D:1      | 1045 ||| Stepping randomly (stuck).
  1046 | D:1      | 1046 ||| Stepping randomly (stuck).
  1047 | D:1      | 1047 ||| Stepping randomly (stuck).
  1048 | D:1      | 1048 ||| Stepping randomly (stuck).
  1049 | D:1      | 1049 ||| Stepping randomly (stuck).
  1050 | D:1      | 1050 ||| Stepping randomly (stuck).
  1051 | D:1      | 1051 ||| Stepping randomly (stuck).
  1052 | D:1      | 1052 ||| Stepping randomly (stuck).
  1053 | D:1      | 1053 ||| Stepping randomly (stuck).
  1054 | D:1      | 1054 ||| Stepping randomly (stuck).
  1055 | D:1      | 1055 ||| Stepping randomly (stuck).
  1056 | D:1      | 1056 ||| Stepping randomly (stuck).
  1057 | D:1      | 1057 ||| Stepping randomly (stuck).
  1058 | D:1      | 1058 ||| Stepping randomly (stuck).
  1059 | D:1      | 1059 ||| Stepping randomly (stuck).
  1060 | D:1      | 1060 ||| Stepping randomly (stuck).
  1061 | D:1      | 1061 ||| Stepping randomly (stuck).
  1062 | D:1      | 1062 ||| Stepping randomly (stuck).
  1063 | D:1      | 1063 ||| Stepping randomly (stuck).
  1064 | D:1      | 1064 ||| Stepping randomly (stuck).
  1065 | D:1      | 1065 ||| Stepping randomly (stuck).
  1066 | D:1      | 1066 ||| Stepping randomly (stuck).
  1067 | D:1      | 1067 ||| Stepping randomly (stuck).
  1068 | D:1      | 1068 ||| Stepping randomly (stuck).
  1069 | D:1      | 1069 ||| Stepping randomly (stuck).
  1070 | D:1      | 1070 ||| Stepping randomly (stuck).
  1071 | D:1      | 1071 ||| Stepping randomly (stuck).
  1072 | D:1      | 1072 ||| Stepping randomly (stuck).
  1073 | D:1      | 1073 ||| Stepping randomly (stuck).
  1074 | D:1      | 1074 ||| Stepping randomly (stuck).
  1075 | D:1      | 1075 ||| Stepping randomly (stuck).
  1076 | D:1      | 1076 ||| Stepping randomly (stuck).
  1077 | D:1      | 1077 ||| Stepping randomly (stuck).
  1078 | D:1      | 1078 ||| Stepping randomly (stuck).
  1079 | D:1      | 1079 ||| Stepping randomly (stuck).
  1080 | D:1      | 1080 ||| Stepping randomly (stuck).
  1081 | D:1      | 1081 ||| Stepping randomly (stuck).
  1082 | D:1      | 1082 ||| Stepping randomly (stuck).
  1083 | D:1      | 1083 ||| Stepping randomly (stuck).
  1084 | D:1      | 1084 ||| Stepping randomly (stuck).
  1085 | D:1      | 1085 ||| Stepping randomly (stuck).
  1086 | D:1      | 1086 ||| Stepping randomly (stuck).
  1087 | D:1      | 1087 ||| Stepping randomly (stuck).
  1088 | D:1      | 1088 ||| Stepping randomly (stuck).
  1089 | D:1      | 1089 ||| Stepping randomly (stuck).
  1090 | D:1      | 1090 ||| Stepping randomly (stuck).
  1091 | D:1      | 1091 ||| Stepping randomly (stuck).
  1092 | D:1      | 1092 ||| Stepping randomly (stuck).
  1093 | D:1      | 1093 ||| Stepping randomly (stuck).
  1094 | D:1      | 1094 ||| Stepping randomly (stuck).
  1095 | D:1      | 1095 ||| Stepping randomly (stuck).
  1096 | D:1      | 1096 ||| Stepping randomly (stuck).
  1097 | D:1      | 1097 ||| Stepping randomly (stuck).
  1098 | D:1      | 1098 ||| Stepping randomly (stuck).
  1099 | D:1      | 1099 ||| Stepping randomly (stuck).
  1100 | D:1      | 1100 ||| Stepping randomly (stuck).
  1101 | D:1      | 1101 ||| Stepping randomly (stuck).
  1102 | D:1      | 1102 ||| Stepping randomly (stuck).
  1103 | D:1      | 1103 ||| Stepping randomly (stuck).
  1104 | D:1      | 1104 ||| Stepping randomly (stuck).
  1105 | D:1      | 1105 ||| Stepping randomly (stuck).
  1106 | D:1      | 1106 ||| Stepping randomly (stuck).
  1107 | D:1      | 1107 ||| Stepping randomly (stuck).
  1108 | D:1      | 1108 ||| Stepping randomly (stuck).
  1109 | D:1      | 1109 ||| Stepping randomly (stuck).
  1110 | D:1      | 1110 ||| Stepping randomly (stuck).
  1111 | D:1      | 1111 ||| Stepping randomly (stuck).
  1112 | D:1      | 1112 ||| Stepping randomly (stuck).
  1113 | D:1      | 1113 ||| Stepping randomly (stuck).
  1114 | D:1      | 1114 ||| Stepping randomly (stuck).
  1115 | D:1      | 1115 ||| Stepping randomly (stuck).
  1116 | D:1      | 1116 ||| Stepping randomly (stuck).
  1117 | D:1      | 1117 ||| Stepping randomly (stuck).
  1118 | D:1      | 1118 ||| Stepping randomly (stuck).
  1119 | D:1      | 1119 ||| Stepping randomly (stuck).
  1120 | D:1      | 1120 ||| Stepping randomly (stuck).
  1121 | D:1      | 1121 ||| Stepping randomly (stuck).
  1122 | D:1      | 1122 ||| Stepping randomly (stuck).
  1123 | D:1      | 1123 ||| Stepping randomly (stuck).
  1124 | D:1      | 1124 ||| Stepping randomly (stuck).
  1125 | D:1      | 1125 ||| Stepping randomly (stuck).
  1126 | D:1      | 1126 ||| Stepping randomly (stuck).
  1127 | D:1      | 1127 ||| Stepping randomly (stuck).
  1128 | D:1      | 1128 ||| Stepping randomly (stuck).
  1129 | D:1      | 1129 ||| Stepping randomly (stuck).
  1130 | D:1      | 1130 ||| Stepping randomly (stuck).
  1131 | D:1      | 1131 ||| Stepping randomly (stuck).
  1132 | D:1      | 1132 ||| Stepping randomly (stuck).
  1133 | D:1      | 1133 ||| Stepping randomly (stuck).
  1134 | D:1      | 1134 ||| Stepping randomly (stuck).
  1135 | D:1      | 1135 ||| Stepping randomly (stuck).
  1136 | D:1      | 1136 ||| Stepping randomly (stuck).
  1137 | D:1      | 1137 ||| Stepping randomly (stuck).
  1138 | D:1      | 1138 ||| Stepping randomly (stuck).
  1139 | D:1      | 1139 ||| Stepping randomly (stuck).
  1140 | D:1      | 1140 ||| Stepping randomly (stuck).
  1141 | D:1      | 1141 ||| Stepping randomly (stuck).
  1142 | D:1      | 1142 ||| Stepping randomly (stuck).
  1143 | D:1      | 1143 ||| Stepping randomly (stuck).
  1144 | D:1      | 1144 ||| Stepping randomly (stuck).
  1145 | D:1      | 1145 ||| Stepping randomly (stuck).
  1146 | D:1      | 1146 ||| Stepping randomly (stuck).
  1147 | D:1      | 1147 ||| Stepping randomly (stuck).
  1148 | D:1      | 1148 ||| Stepping randomly (stuck).
  1149 | D:1      | 1149 ||| Stepping randomly (stuck).
  1150 | D:1      | 1150 ||| Stepping randomly (stuck).
  1151 | D:1      | 1151 ||| Stepping randomly (stuck).
  1152 | D:1      | 1152 ||| Stepping randomly (stuck).
  1153 | D:1      | 1153 ||| Stepping randomly (stuck).
  1154 | D:1      | 1154 ||| Stepping randomly (stuck).
  1155 | D:1      | 1155 ||| Stepping randomly (stuck).
  1156 | D:1      | 1156 ||| Stepping randomly (stuck).
  1157 | D:1      | 1157 ||| Stepping randomly (stuck).
  1158 | D:1      | 1158 ||| Stepping randomly (stuck).
  1159 | D:1      | 1159 ||| Stepping randomly (stuck).
  1160 | D:1      | 1160 ||| Stepping randomly (stuck).
  1161 | D:1      | 1161 ||| Stepping randomly (stuck).
  1162 | D:1      | 1162 ||| Stepping randomly (stuck).
  1163 | D:1      | 1163 ||| Stepping randomly (stuck).
  1164 | D:1      | 1164 ||| Stepping randomly (stuck).
  1165 | D:1      | 1165 ||| Stepping randomly (stuck).
  1166 | D:1      | 1166 ||| Stepping randomly (stuck).
  1167 | D:1      | 1167 ||| Stepping randomly (stuck).
  1168 | D:1      | 1168 ||| Stepping randomly (stuck).
  1169 | D:1      | 1169 ||| Stepping randomly (stuck).
  1170 | D:1      | 1170 ||| Stepping randomly (stuck).
  1171 | D:1      | 1171 ||| Stepping randomly (stuck).
  1172 | D:1      | 1172 ||| Stepping randomly (stuck).
  1173 | D:1      | 1173 ||| Stepping randomly (stuck).
  1174 | D:1      | 1174 ||| Stepping randomly (stuck).
  1175 | D:1      | 1175 ||| Stepping randomly (stuck).
  1176 | D:1      | 1176 ||| Stepping randomly (stuck).
  1177 | D:1      | 1177 ||| Stepping randomly (stuck).
  1178 | D:1      | 1178 ||| Stepping randomly (stuck).
  1179 | D:1      | 1179 ||| Stepping randomly (stuck).
  1180 | D:1      | 1180 ||| Stepping randomly (stuck).
  1181 | D:1      | 1181 ||| Stepping randomly (stuck).
  1182 | D:1      | 1182 ||| Stepping randomly (stuck).
  1183 | D:1      | 1183 ||| Stepping randomly (stuck).
  1184 | D:1      | 1184 ||| Stepping randomly (stuck).
  1185 | D:1      | 1185 ||| Stepping randomly (stuck).
  1186 | D:1      | 1186 ||| Stepping randomly (stuck).
  1187 | D:1      | 1187 ||| Stepping randomly (stuck).
  1188 | D:1      | 1188 ||| Stepping randomly (stuck).
  1189 | D:1      | 1189 ||| Stepping randomly (stuck).
  1190 | D:1      | 1190 ||| Stepping randomly (stuck).
  1191 | D:1      | 1191 ||| Stepping randomly (stuck).
  1192 | D:1      | 1192 ||| Stepping randomly (stuck).
  1193 | D:1      | 1193 ||| Stepping randomly (stuck).
  1194 | D:1      | 1194 ||| Stepping randomly (stuck).
  1195 | D:1      | 1195 ||| Stepping randomly (stuck).
  1196 | D:1      | 1196 ||| Stepping randomly (stuck).
  1197 | D:1      | 1197 ||| Stepping randomly (stuck).
  1198 | D:1      | 1198 ||| Stepping randomly (stuck).
  1199 | D:1      | 1199 ||| Stepping randomly (stuck).
  1200 | D:1      | 1200 ||| Stepping randomly (stuck).
  1201 | D:1      | 1201 ||| Stepping randomly (stuck).
  1202 | D:1      | 1202 ||| Stepping randomly (stuck).
  1203 | D:1      | 1203 ||| Stepping randomly (stuck).
  1204 | D:1      | 1204 ||| Stepping randomly (stuck).
  1205 | D:1      | 1205 ||| Stepping randomly (stuck).
  1206 | D:1      | 1206 ||| Stepping randomly (stuck).
  1207 | D:1      | 1207 ||| Stepping randomly (stuck).
  1208 | D:1      | 1208 ||| Stepping randomly (stuck).
  1209 | D:1      | 1209 ||| Stepping randomly (stuck).
  1210 | D:1      | 1210 ||| Stepping randomly (stuck).
  1211 | D:1      | 1211 ||| Stepping randomly (stuck).
  1212 | D:1      | 1212 ||| Stepping randomly (stuck).
  1213 | D:1      | 1213 ||| Stepping randomly (stuck).
  1214 | D:1      | 1214 ||| Stepping randomly (stuck).
  1215 | D:1      | 1215 ||| Stepping randomly (stuck).
  1216 | D:1      | 1216 ||| Stepping randomly (stuck).
  1217 | D:1      | 1217 ||| Stepping randomly (stuck).
  1218 | D:1      | 1218 ||| Stepping randomly (stuck).
  1219 | D:1      | 1219 ||| Stepping randomly (stuck).
  1220 | D:1      | 1220 ||| Stepping randomly (stuck).
  1221 | D:1      | 1221 ||| Stepping randomly (stuck).
  1222 | D:1      | 1222 ||| Stepping randomly (stuck).
  1223 | D:1      | 1223 ||| Stepping randomly (stuck).
  1224 | D:1      | 1224 ||| Stepping randomly (stuck).
  1225 | D:1      | 1225 ||| Stepping randomly (stuck).
  1226 | D:1      | 1226 ||| Stepping randomly (stuck).
  1227 | D:1      | 1227 ||| Stepping randomly (stuck).
  1228 | D:1      | 1228 ||| Stepping randomly (stuck).
  1229 | D:1      | 1229 ||| Stepping randomly (stuck).
  1230 | D:1      | 1230 ||| Stepping randomly (stuck).
  1231 | D:1      | 1231 ||| Stepping randomly (stuck).
  1232 | D:1      | 1232 ||| Stepping randomly (stuck).
  1233 | D:1      | 1233 ||| Stepping randomly (stuck).
  1234 | D:1      | 1234 ||| Stepping randomly (stuck).
  1235 | D:1      | 1235 ||| Stepping randomly (stuck).
  1236 | D:1      | 1236 ||| Stepping randomly (stuck).
  1237 | D:1      | 1237 ||| Stepping randomly (stuck).
  1238 | D:1      | 1238 ||| Stepping randomly (stuck).
  1239 | D:1      | 1239 ||| Stepping randomly (stuck).
  1240 | D:1      | 1240 ||| Stepping randomly (stuck).
  1241 | D:1      | 1241 ||| Stepping randomly (stuck).
  1242 | D:1      | 1242 ||| Stepping randomly (stuck).
  1243 | D:1      | 1243 ||| Stepping randomly (stuck).
  1244 | D:1      | 1244 ||| Stepping randomly (stuck).
  1245 | D:1      | 1245 ||| Stepping randomly (stuck).
  1246 | D:1      | 1246 ||| Stepping randomly (stuck).
  1247 | D:1      | 1247 ||| Stepping randomly (stuck).
  1248 | D:1      | 1248 ||| Stepping randomly (stuck).
  1249 | D:1      | 1249 ||| Stepping randomly (stuck).
  1250 | D:1      | 1250 ||| Stepping randomly (stuck).
  1251 | D:1      | 1251 ||| Stepping randomly (stuck).
  1252 | D:1      | 1252 ||| Stepping randomly (stuck).
  1253 | D:1      | 1253 ||| Stepping randomly (stuck).
  1254 | D:1      | 1254 ||| Stepping randomly (stuck).
  1255 | D:1      | 1255 ||| Stepping randomly (stuck).
  1256 | D:1      | 1256 ||| Stepping randomly (stuck).
  1257 | D:1      | 1257 ||| Stepping randomly (stuck).
  1258 | D:1      | 1258 ||| Stepping randomly (stuck).
  1259 | D:1      | 1259 ||| Stepping randomly (stuck).
  1260 | D:1      | 1260 ||| Stepping randomly (stuck).
  1261 | D:1      | 1261 ||| Stepping randomly (stuck).
  1262 | D:1      | 1262 ||| Stepping randomly (stuck).
  1263 | D:1      | 1263 ||| Stepping randomly (stuck).
  1264 | D:1      | 1264 ||| Stepping randomly (stuck).
  1265 | D:1      | 1265 ||| Stepping randomly (stuck).
  1266 | D:1      | 1266 ||| Stepping randomly (stuck).
  1267 | D:1      | 1267 ||| Stepping randomly (stuck).
  1268 | D:1      | 1268 ||| Stepping randomly (stuck).
  1269 | D:1      | 1269 ||| Stepping randomly (stuck).
  1270 | D:1      | 1270 ||| Stepping randomly (stuck).
  1271 | D:1      | 1271 ||| Stepping randomly (stuck).
  1272 | D:1      | 1272 ||| Stepping randomly (stuck).
  1273 | D:1      | 1273 ||| Stepping randomly (stuck).
  1274 | D:1      | 1274 ||| Stepping randomly (stuck).
  1275 | D:1      | 1275 ||| Stepping randomly (stuck).
  1276 | D:1      | 1276 ||| Stepping randomly (stuck).
  1277 | D:1      | 1277 ||| Stepping randomly (stuck).
  1278 | D:1      | 1278 ||| Stepping randomly (stuck).
  1279 | D:1      | 1279 ||| Stepping randomly (stuck).
  1280 | D:1      | 1280 ||| Stepping randomly (stuck).
  1281 | D:1      | 1281 ||| Stepping randomly (stuck).
  1282 | D:1      | 1282 ||| Stepping randomly (stuck).
  1283 | D:1      | 1283 ||| Stepping randomly (stuck).
  1284 | D:1      | 1284 ||| Stepping randomly (stuck).
  1285 | D:1      | 1285 ||| Stepping randomly (stuck).
  1286 | D:1      | 1286 ||| Stepping randomly (stuck).
  1287 | D:1      | 1287 ||| Stepping randomly (stuck).
  1288 | D:1      | 1288 ||| Stepping randomly (stuck).
  1289 | D:1      | 1289 ||| Stepping randomly (stuck).
  1290 | D:1      | 1290 ||| Stepping randomly (stuck).
  1291 | D:1      | 1291 ||| Stepping randomly (stuck).
  1292 | D:1      | 1292 ||| Stepping randomly (stuck).
  1293 | D:1      | 1293 ||| Stepping randomly (stuck).
  1294 | D:1      | 1294 ||| Stepping randomly (stuck).
  1295 | D:1      | 1295 ||| Stepping randomly (stuck).
  1296 | D:1      | 1296 ||| Stepping randomly (stuck).
  1297 | D:1      | 1297 ||| Stepping randomly (stuck).
  1298 | D:1      | 1298 ||| Stepping randomly (stuck).
  1299 | D:1      | 1299 ||| Stepping randomly (stuck).
  1300 | D:1      | 1300 ||| Stepping randomly (stuck).
  1301 | D:1      | 1301 ||| Stepping randomly (stuck).
  1302 | D:1      | 1302 ||| Stepping randomly (stuck).
  1303 | D:1      | 1303 ||| Stepping randomly (stuck).
  1304 | D:1      | 1304 ||| Stepping randomly (stuck).
  1305 | D:1      | 1305 ||| Stepping randomly (stuck).
  1306 | D:1      | 1306 ||| Stepping randomly (stuck).
  1307 | D:1      | 1307 ||| Stepping randomly (stuck).
  1308 | D:1      | 1308 ||| Stepping randomly (stuck).
  1309 | D:1      | 1309 ||| Stepping randomly (stuck).
  1310 | D:1      | 1310 ||| Stepping randomly (stuck).
  1311 | D:1      | 1311 ||| Stepping randomly (stuck).
  1312 | D:1      | 1312 ||| Stepping randomly (stuck).
  1313 | D:1      | 1313 ||| Stepping randomly (stuck).
  1314 | D:1      | 1314 ||| Stepping randomly (stuck).
  1315 | D:1      | 1315 ||| Stepping randomly (stuck).
  1316 | D:1      | 1316 ||| Stepping randomly (stuck).
  1317 | D:1      | 1317 ||| Stepping randomly (stuck).
  1318 | D:1      | 1318 ||| Stepping randomly (stuck).
  1319 | D:1      | 1319 ||| Stepping randomly (stuck).
  1320 | D:1      | 1320 ||| Stepping randomly (stuck).
  1321 | D:1      | 1321 ||| Stepping randomly (stuck).
  1322 | D:1      | 1322 ||| Stepping randomly (stuck).
  1323 | D:1      | 1323 ||| Stepping randomly (stuck).
  1324 | D:1      | 1324 ||| Stepping randomly (stuck).
  1325 | D:1      | 1325 ||| Stepping randomly (stuck).
  1326 | D:1      | 1326 ||| Stepping randomly (stuck).
  1327 | D:1      | 1327 ||| Stepping randomly (stuck).
  1328 | D:1      | 1328 ||| Stepping randomly (stuck).
  1329 | D:1      | 1329 ||| Stepping randomly (stuck).
  1330 | D:1      | 1330 ||| Stepping randomly (stuck).
  1331 | D:1      | 1331 ||| Stepping randomly (stuck).
  1332 | D:1      | 1332 ||| Stepping randomly (stuck).
  1333 | D:1      | 1333 ||| Stepping randomly (stuck).
  1334 | D:1      | 1334 ||| Stepping randomly (stuck).
  1335 | D:1      | 1335 ||| Stepping randomly (stuck).
  1336 | D:1      | 1336 ||| Stepping randomly (stuck).
  1337 | D:1      | 1337 ||| Stepping randomly (stuck).
  1338 | D:1      | 1338 ||| Stepping randomly (stuck).
  1339 | D:1      | 1339 ||| Stepping randomly (stuck).
  1340 | D:1      | 1340 ||| Stepping randomly (stuck).
  1341 | D:1      | 1341 ||| Stepping randomly (stuck).
  1342 | D:1      | 1342 ||| Stepping randomly (stuck).
  1343 | D:1      | 1343 ||| Stepping randomly (stuck).
  1344 | D:1      | 1344 ||| Stepping randomly (stuck).
  1345 | D:1      | 1345 ||| Stepping randomly (stuck).
  1346 | D:1      | 1346 ||| Stepping randomly (stuck).
  1347 | D:1      | 1347 ||| Stepping randomly (stuck).
  1348 | D:1      | 1348 ||| Stepping randomly (stuck).
  1349 | D:1      | 1349 ||| Stepping randomly (stuck).
  1350 | D:1      | 1350 ||| Stepping randomly (stuck).
  1351 | D:1      | 1351 ||| Stepping randomly (stuck).
  1352 | D:1      | 1352 ||| Stepping randomly (stuck).
  1353 | D:1      | 1353 ||| Stepping randomly (stuck).
  1354 | D:1      | 1354 ||| Stepping randomly (stuck).
  1355 | D:1      | 1355 ||| Stepping randomly (stuck).
  1356 | D:1      | 1356 ||| Stepping randomly (stuck).
  1357 | D:1      | 1357 ||| Stepping randomly (stuck).
  1358 | D:1      | 1358 ||| Stepping randomly (stuck).
  1359 | D:1      | 1359 ||| Stepping randomly (stuck).
  1360 | D:1      | 1360 ||| Stepping randomly (stuck).
  1361 | D:1      | 1361 ||| Stepping randomly (stuck).
  1362 | D:1      | 1362 ||| Stepping randomly (stuck).
  1363 | D:1      | 1363 ||| Stepping randomly (stuck).
  1364 | D:1      | 1364 ||| Stepping randomly (stuck).
  1365 | D:1      | 1365 ||| Stepping randomly (stuck).
  1366 | D:1      | 1366 ||| Stepping randomly (stuck).
  1367 | D:1      | 1367 ||| Stepping randomly (stuck).
  1368 | D:1      | 1368 ||| Stepping randomly (stuck).
  1369 | D:1      | 1369 ||| Stepping randomly (stuck).
  1370 | D:1      | 1370 ||| Stepping randomly (stuck).
  1371 | D:1      | 1371 ||| Stepping randomly (stuck).
  1372 | D:1      | 1372 ||| Stepping randomly (stuck).
  1373 | D:1      | 1373 ||| Stepping randomly (stuck).
  1374 | D:1      | 1374 ||| Stepping randomly (stuck).
  1375 | D:1      | 1375 ||| Stepping randomly (stuck).
  1376 | D:1      | 1376 ||| Stepping randomly (stuck).
  1377 | D:1      | 1377 ||| Stepping randomly (stuck).
  1378 | D:1      | 1378 ||| Stepping randomly (stuck).
  1379 | D:1      | 1379 ||| Stepping randomly (stuck).
  1380 | D:1      | 1380 ||| Stepping randomly (stuck).
  1381 | D:1      | 1381 ||| Stepping randomly (stuck).
  1382 | D:1      | 1382 ||| Stepping randomly (stuck).
  1383 | D:1      | 1383 ||| Stepping randomly (stuck).
  1384 | D:1      | 1384 ||| Stepping randomly (stuck).
  1385 | D:1      | 1385 ||| Stepping randomly (stuck).
  1386 | D:1      | 1386 ||| Stepping randomly (stuck).
  1387 | D:1      | 1387 ||| Stepping randomly (stuck).
  1388 | D:1      | 1388 ||| Stepping randomly (stuck).
  1389 | D:1      | 1389 ||| Stepping randomly (stuck).
  1390 | D:1      | 1390 ||| Stepping randomly (stuck).
  1391 | D:1      | 1391 ||| Stepping randomly (stuck).
  1392 | D:1      | 1392 ||| Stepping randomly (stuck).
  1393 | D:1      | 1393 ||| Stepping randomly (stuck).
  1394 | D:1      | 1394 ||| Stepping randomly (stuck).
  1395 | D:1      | 1395 ||| Stepping randomly (stuck).
  1396 | D:1      | 1396 ||| Stepping randomly (stuck).
  1397 | D:1      | 1397 ||| Stepping randomly (stuck).
  1398 | D:1      | 1398 ||| Stepping randomly (stuck).
  1399 | D:1      | 1399 ||| Stepping randomly (stuck).
  1400 | D:1      | 1400 ||| Stepping randomly (stuck).
  1401 | D:1      | 1401 ||| Stepping randomly (stuck).
  1402 | D:1      | 1402 ||| Stepping randomly (stuck).
  1403 | D:1      | 1403 ||| Stepping randomly (stuck).
  1404 | D:1      | 1404 ||| Stepping randomly (stuck).
  1405 | D:1      | 1405 ||| Stepping randomly (stuck).
  1406 | D:1      | 1406 ||| Stepping randomly (stuck).
  1407 | D:1      | 1407 ||| Stepping randomly (stuck).
  1408 | D:1      | 1408 ||| Stepping randomly (stuck).
  1409 | D:1      | 1409 ||| Stepping randomly (stuck).
  1410 | D:1      | 1410 ||| Stepping randomly (stuck).
  1411 | D:1      | 1411 ||| Stepping randomly (stuck).
  1412 | D:1      | 1412 ||| Stepping randomly (stuck).
  1413 | D:1      | 1413 ||| Stepping randomly (stuck).
  1414 | D:1      | 1414 ||| Stepping randomly (stuck).
  1415 | D:1      | 1415 ||| Stepping randomly (stuck).
  1416 | D:1      | 1416 ||| Stepping randomly (stuck).
  1417 | D:1      | 1417 ||| Stepping randomly (stuck).
  1418 | D:1      | 1418 ||| Stepping randomly (stuck).
  1419 | D:1      | 1419 ||| Stepping randomly (stuck).
  1420 | D:1      | 1420 ||| Stepping randomly (stuck).
  1421 | D:1      | 1421 ||| Stepping randomly (stuck).
  1422 | D:1      | 1422 ||| Stepping randomly (stuck).
  1423 | D:1      | 1423 ||| Stepping randomly (stuck).
  1424 | D:1      | 1424 ||| Stepping randomly (stuck).
  1425 | D:1      | 1425 ||| Stepping randomly (stuck).
  1426 | D:1      | 1426 ||| Stepping randomly (stuck).
  1427 | D:1      | 1427 ||| Stepping randomly (stuck).
  1428 | D:1      | 1428 ||| Stepping randomly (stuck).
  1429 | D:1      | 1429 ||| Stepping randomly (stuck).
  1430 | D:1      | 1430 ||| Stepping randomly (stuck).
  1431 | D:1      | 1431 ||| Stepping randomly (stuck).
  1432 | D:1      | 1432 ||| Stepping randomly (stuck).
  1433 | D:1      | 1433 ||| Stepping randomly (stuck).
  1434 | D:1      | 1434 ||| Stepping randomly (stuck).
  1435 | D:1      | 1435 ||| Stepping randomly (stuck).
  1436 | D:1      | 1436 ||| Stepping randomly (stuck).
  1437 | D:1      | 1437 ||| Stepping randomly (stuck).
  1438 | D:1      | 1438 ||| Stepping randomly (stuck).
  1439 | D:1      | 1439 ||| Stepping randomly (stuck).
  1440 | D:1      | 1440 ||| Stepping randomly (stuck).
  1441 | D:1      | 1441 ||| Stepping randomly (stuck).
  1442 | D:1      | 1442 ||| Stepping randomly (stuck).
  1443 | D:1      | 1443 ||| Stepping randomly (stuck).
  1444 | D:1      | 1444 ||| Stepping randomly (stuck).
  1445 | D:1      | 1445 ||| Stepping randomly (stuck).
  1446 | D:1      | 1446 ||| Stepping randomly (stuck).
  1447 | D:1      | 1447 ||| Stepping randomly (stuck).
  1448 | D:1      | 1448 ||| Stepping randomly (stuck).
  1449 | D:1      | 1449 ||| Stepping randomly (stuck).
  1450 | D:1      | 1450 ||| Stepping randomly (stuck).
  1451 | D:1      | 1451 ||| Stepping randomly (stuck).
  1452 | D:1      | 1452 ||| Stepping randomly (stuck).
  1453 | D:1      | 1453 ||| Stepping randomly (stuck).
  1454 | D:1      | 1454 ||| Stepping randomly (stuck).
  1455 | D:1      | 1455 ||| Stepping randomly (stuck).
  1456 | D:1      | 1456 ||| Stepping randomly (stuck).
  1457 | D:1      | 1457 ||| Stepping randomly (stuck).
  1458 | D:1      | 1458 ||| Stepping randomly (stuck).
  1459 | D:1      | 1459 ||| Stepping randomly (stuck).
  1460 | D:1      | 1460 ||| Stepping randomly (stuck).
  1461 | D:1      | 1461 ||| Stepping randomly (stuck).
  1462 | D:1      | 1462 ||| Stepping randomly (stuck).
  1463 | D:1      | 1463 ||| Stepping randomly (stuck).
  1464 | D:1      | 1464 ||| Stepping randomly (stuck).
  1465 | D:1      | 1465 ||| Stepping randomly (stuck).
  1466 | D:1      | 1466 ||| Stepping randomly (stuck).
  1467 | D:1      | 1467 ||| Stepping randomly (stuck).
  1468 | D:1      | 1468 ||| Stepping randomly (stuck).
  1469 | D:1      | 1469 ||| Stepping randomly (stuck).
  1470 | D:1      | 1470 ||| Stepping randomly (stuck).
  1471 | D:1      | 1471 ||| Stepping randomly (stuck).
  1472 | D:1      | 1472 ||| Stepping randomly (stuck).
  1473 | D:1      | 1473 ||| Stepping randomly (stuck).
  1474 | D:1      | 1474 ||| Stepping randomly (stuck).
  1475 | D:1      | 1475 ||| Stepping randomly (stuck).
  1476 | D:1      | 1476 ||| Stepping randomly (stuck).
  1477 | D:1      | 1477 ||| Stepping randomly (stuck).
  1478 | D:1      | 1478 ||| Stepping randomly (stuck).
  1479 | D:1      | 1479 ||| Stepping randomly (stuck).
  1480 | D:1      | 1480 ||| Stepping randomly (stuck).
  1481 | D:1      | 1481 ||| Stepping randomly (stuck).
  1482 | D:1      | 1482 ||| Stepping randomly (stuck).
  1483 | D:1      | 1483 ||| Stepping randomly (stuck).
  1484 | D:1      | 1484 ||| Stepping randomly (stuck).
  1485 | D:1      | 1485 ||| Stepping randomly (stuck).
  1486 | D:1      | 1486 ||| Stepping randomly (stuck).
  1487 | D:1      | 1487 ||| Stepping randomly (stuck).
  1488 | D:1      | 1488 ||| Stepping randomly (stuck).
  1489 | D:1      | 1489 ||| Stepping randomly (stuck).
  1490 | D:1      | 1490 ||| Stepping randomly (stuck).
  1491 | D:1      | 1491 ||| Stepping randomly (stuck).
  1492 | D:1      | 1492 ||| Stepping randomly (stuck).
  1493 | D:1      | 1493 ||| Stepping randomly (stuck).
  1494 | D:1      | 1494 ||| Stepping randomly (stuck).
  1495 | D:1      | 1495 ||| Stepping randomly (stuck).
  1496 | D:1      | 1496 ||| Stepping randomly (stuck).
  1497 | D:1      | 1497 ||| Stepping randomly (stuck).
  1498 | D:1      | 1498 ||| Stepping randomly (stuck).
  1499 | D:1      | 1499 ||| Stepping randomly (stuck).
  1500 | D:1      | 1500 ||| Stepping randomly (stuck).
  1501 | D:1      | 1501 ||| Stepping randomly (stuck).
  1502 | D:1      | 1502 ||| Stepping randomly (stuck).
  1503 | D:1      | 1503 ||| Stepping randomly (stuck).
  1504 | D:1      | 1504 ||| Stepping randomly (stuck).
  1505 | D:1      | 1505 ||| Stepping randomly (stuck).
  1506 | D:1      | 1506 ||| Stepping randomly (stuck).
  1507 | D:1      | 1507 ||| Stepping randomly (stuck).
  1508 | D:1      | 1508 ||| Stepping randomly (stuck).
  1509 | D:1      | 1509 ||| Stepping randomly (stuck).
  1510 | D:1      | 1510 ||| Stepping randomly (stuck).
  1511 | D:1      | 1511 ||| Stepping randomly (stuck).
  1512 | D:1      | 1512 ||| Stepping randomly (stuck).
  1513 | D:1      | 1513 ||| Stepping randomly (stuck).
  1514 | D:1      | 1514 ||| Stepping randomly (stuck).
  1515 | D:1      | 1515 ||| Stepping randomly (stuck).
  1516 | D:1      | 1516 ||| Stepping randomly (stuck).
  1517 | D:1      | 1517 ||| Stepping randomly (stuck).
  1518 | D:1      | 1518 ||| Stepping randomly (stuck).
  1519 | D:1      | 1519 ||| Stepping randomly (stuck).
  1520 | D:1      | 1520 ||| Stepping randomly (stuck).
  1521 | D:1      | 1521 ||| Stepping randomly (stuck).
  1522 | D:1      | 1522 ||| Stepping randomly (stuck).
  1523 | D:1      | 1523 ||| Stepping randomly (stuck).
  1524 | D:1      | 1524 ||| Stepping randomly (stuck).
  1525 | D:1      | 1525 ||| Stepping randomly (stuck).
  1526 | D:1      | 1526 ||| Stepping randomly (stuck).
  1527 | D:1      | 1527 ||| Stepping randomly (stuck).
  1528 | D:1      | 1528 ||| Stepping randomly (stuck).
  1529 | D:1      | 1529 ||| Stepping randomly (stuck).
  1530 | D:1      | 1530 ||| Stepping randomly (stuck).
  1531 | D:1      | 1531 ||| Stepping randomly (stuck).
  1532 | D:1      | 1532 ||| Stepping randomly (stuck).
  1533 | D:1      | 1533 ||| Stepping randomly (stuck).
  1534 | D:1      | 1534 ||| Stepping randomly (stuck).
  1535 | D:1      | 1535 ||| Stepping randomly (stuck).
  1536 | D:1      | 1536 ||| Stepping randomly (stuck).
  1537 | D:1      | 1537 ||| Stepping randomly (stuck).
  1538 | D:1      | 1538 ||| Stepping randomly (stuck).
  1539 | D:1      | 1539 ||| Stepping randomly (stuck).
  1540 | D:1      | 1540 ||| Stepping randomly (stuck).
  1541 | D:1      | 1541 ||| Stepping randomly (stuck).
  1542 | D:1      | 1542 ||| Stepping randomly (stuck).
  1543 | D:1      | 1543 ||| Stepping randomly (stuck).
  1544 | D:1      | 1544 ||| Stepping randomly (stuck).
  1545 | D:1      | 1545 ||| Stepping randomly (stuck).
  1546 | D:1      | 1546 ||| Stepping randomly (stuck).
  1547 | D:1      | 1547 ||| Stepping randomly (stuck).
  1548 | D:1      | 1548 ||| Stepping randomly (stuck).
  1549 | D:1      | 1549 ||| Stepping randomly (stuck).
  1550 | D:1      | 1550 ||| Stepping randomly (stuck).
  1551 | D:1      | 1551 ||| Stepping randomly (stuck).
  1552 | D:1      | 1552 ||| Stepping randomly (stuck).
  1553 | D:1      | 1553 ||| Stepping randomly (stuck).
  1554 | D:1      | 1554 ||| Stepping randomly (stuck).
  1555 | D:1      | 1555 ||| Stepping randomly (stuck).
  1556 | D:1      | 1556 ||| Stepping randomly (stuck).
  1557 | D:1      | 1557 ||| Stepping randomly (stuck).
  1558 | D:1      | 1558 ||| Stepping randomly (stuck).
  1559 | D:1      | 1559 ||| Stepping randomly (stuck).
  1560 | D:1      | 1560 ||| Stepping randomly (stuck).
  1561 | D:1      | 1561 ||| Stepping randomly (stuck).
  1562 | D:1      | 1562 ||| Stepping randomly (stuck).
  1563 | D:1      | 1563 ||| Stepping randomly (stuck).
  1564 | D:1      | 1564 ||| Stepping randomly (stuck).
  1565 | D:1      | 1565 ||| Stepping randomly (stuck).
  1566 | D:1      | 1566 ||| Stepping randomly (stuck).
  1567 | D:1      | 1567 ||| Stepping randomly (stuck).
  1568 | D:1      | 1568 ||| Stepping randomly (stuck).
  1569 | D:1      | 1569 ||| Stepping randomly (stuck).
  1570 | D:1      | 1570 ||| Stepping randomly (stuck).
  1571 | D:1      | 1571 ||| Stepping randomly (stuck).
  1572 | D:1      | 1572 ||| Stepping randomly (stuck).
  1573 | D:1      | 1573 ||| Stepping randomly (stuck).
  1574 | D:1      | 1574 ||| Stepping randomly (stuck).
  1575 | D:1      | 1575 ||| Stepping randomly (stuck).
  1576 | D:1      | 1576 ||| Stepping randomly (stuck).
  1577 | D:1      | 1577 ||| Stepping randomly (stuck).
  1578 | D:1      | 1578 ||| Stepping randomly (stuck).
  1579 | D:1      | 1579 ||| Stepping randomly (stuck).
  1580 | D:1      | 1580 ||| Stepping randomly (stuck).
  1581 | D:1      | 1581 ||| Stepping randomly (stuck).
  1582 | D:1      | 1582 ||| Stepping randomly (stuck).
  1583 | D:1      | 1583 ||| Stepping randomly (stuck).
  1589 | D:2      | Found a faded altar of an unknown god.
  1654 | D:2      | 1654 ||| Stepping ~*~*~tactically~*~*~ (stealth).
  1760 | D:2      | 1760 ||| Stepping ~*~*~tactically~*~*~ (stealth).
  1762 | D:2      | 1762 ||| Stepping ~*~*~tactically~*~*~ (stealth).
  1842 | D:2      | 1842 ||| Stepping ~*~*~tactically~*~*~ (stealth).
  2026 | D:2      | 2026 ||| DROPPING amulet of magic regeneration.
  2027 | D:2      | 2027 ||| READING scroll labelled OGOAM MOEFF.
  2028 | D:2      | 2028 ||| READING scroll labelled NANEABRUXTO.
  2029 | D:2      | 2029 ||| DRINKING 2 bubbling dark potions.
  2030 | D:2      | 2030 ||| DRINKING 2 smoky clear potions.
  2031 | D:2      | 2031 ||| DROPPING potion of brilliance.
  2176 | D:3      | Reached XP level 4. HP: 44/44 MP: 4/4
  2212 | D:3      | Noticed Xumpusso's ghost (weakling TeWr)
  2281 | D:3      | Found a transporter.
  2292 | D:3      | Found a transporter.
  2302 | D:3      | Reached skill level 1 in Throwing
  2379 | D:3      | Noticed Terence
  2383 | D:3      | Killed Terence
  2384 | D:3      | Reached skill level 5 in Unarmed Combat
  2454 | D:3      | Found a one-way gate to the infinite horrors of the Abyss.
  2581 | D:3      | Noticed a small abomination
  2711 | D:3      | 2711 ||| DRINKING 2 silvery potions.
  2712 | D:3      | 2712 ||| DROPPING potion of attraction.
  2763 | D:4      | 2763 ||| INVOKING Fiery Armour.
  2768 | D:4      | 2768 ||| Stepping ~*~*~tactically~*~*~ (outnumbered).
  2770 | D:4      | Reached XP level 5. HP: 50/50 MP: 5/5
  2778 | D:4      | 2778 ||| Stepping ~*~*~tactically~*~*~ (stealth).
  2781 | D:4      | 2781 ||| Stepping ~*~*~tactically~*~*~ (hiding).
  2783 | D:4      | 2783 ||| Stepping ~*~*~tactically~*~*~ (outnumbered).
  2784 | D:4      | 2784 ||| Stepping ~*~*~tactically~*~*~ (stealth).
  2790 | D:4      | 2790 ||| Stepping ~*~*~tactically~*~*~ (outnumbered).
  2793 | D:4      | Reached skill level 6 in Unarmed Combat
  2844 | D:4      | You fall into a shaft and drop 1 floor!
  2844 | D:5      | Entered Level 5 of the Dungeon
  2961 | D:5      | 2961 ||| Stepping ~*~*~tactically~*~*~ (hiding).
  3007 | D:5      | Reached XP level 6. HP: 53/59 MP: 6/6
  3038 | D:5      | 3038 ||| READING scroll labelled YHIXAP CEM.
  3063 | D:4      | 3063 ||| Stepping ~*~*~tactically~*~*~ (stealth).
  3065 | D:4      | 3065 ||| Stepping ~*~*~tactically~*~*~ (hiding).
  3066 | D:4      | 3066 ||| Stepping ~*~*~tactically~*~*~ (hiding).
  3142 | D:4      | 3142 ||| Stepping ~*~*~tactically~*~*~ (hiding).
  3485 | D:4      | Found a staircase to the Ecumenical Temple.
  3502 | D:4      | 3502 ||| Stepping ~*~*~tactically~*~*~ (stealth).
  3503 | D:4      | 3503 ||| Stepping ~*~*~tactically~*~*~ (stealth).
  3504 | D:4      | 3504 ||| Stepping ~*~*~tactically~*~*~ (stealth).
  3509 | D:4      | 3509 ||| Stepping ~*~*~tactically~*~*~ (stealth).
  3549 | D:4      | 3549 ||| Stepping ~*~*~tactically~*~*~ (stealth).
  3551 | D:4      | 3551 ||| Stepping ~*~*~tactically~*~*~ (stealth).
  3553 | D:4      | 3553 ||| INVOKING Fiery Armour.
  3559 | D:4      | Reached skill level 7 in Unarmed Combat
  3705 | D:4      | 3705 ||| UPGRADING to ring of poison resistance.
  3706 | D:4      | 3706 ||| UPGRADING to ring of resist corrosion.
  3707 | D:4      | 3707 ||| READING scroll labelled ASSIOP ZIAKH.
  3708 | D:4      | 3708 ||| DRINKING 3 ruby potions.
  3709 | D:4      | 3709 ||| READING 2 scrolls of identify.
  3709 | D:4      | 3709 ||| IDENTIFYING inky potion
  3748 | D:5      | 3748 ||| STAIRDANCE
  3867 | D:5      | Reached XP level 7. HP: 62/66 MP: 7/7
  3919 | D:5      | 3919 ||| INVOKING Fiery Armour.
  3939 | D:5      | Reached skill level 8 in Unarmed Combat
  4072 | D:5      | Reached skill level 3 in Fighting
  4078 | D:5      | Reached skill level 3 in Throwing
  4297 | D:5      | Found a white marble altar of Elyvilon.
  4383 | D:5      | Noticed a wyvern
  4384 | D:5      | 4384 ||| Stepping ~*~*~tactically~*~*~ (hiding).
  4390 | D:5      | Killed a wyvern
  4391 | D:5      | Reached XP level 8. HP: 58/75 MP: 8/8
  4391 | D:5      | 4391 ||| FLEEEEING.
  4392 | D:5      | 4392 ||| FLEEEEING.
  4393 | D:5      | 4393 ||| FLEEEEING.
  4394 | D:5      | 4394 ||| FLEEEEING.
  4395 | D:5      | 4395 ||| FLEEEEING.
  4396 | D:5      | 4396 ||| FLEEEEING.
  4409 | D:5      | 4409 ||| Stepping ~*~*~tactically~*~*~ (hiding).
  4419 | D:5      | Reached skill level 9 in Unarmed Combat
  4425 | D:5      | Reached skill level 1 in Dodging
  4425 | D:5      | Found a shimmering altar of Xom.
  4426 | D:5      | 4426 ||| Stepping ~*~*~tactically~*~*~ (hiding).
  4428 | D:5      | 4428 ||| Stepping ~*~*~tactically~*~*~ (hiding).
  4586 | D:5      | 4586 ||| READING scroll labelled XASEHE XOCEE.
  4587 | D:5      | 4587 ||| DRINKING 2 sapphire potions.
  4588 | D:5      | 4588 ||| READING 4 scrolls of identify.
  4588 | D:5      | 4588 ||| IDENTIFYING black potion
  4589 | D:5      | 4589 ||| READING 3 scrolls of identify.
  4589 | D:5      | 4589 ||| IDENTIFYING sedimented black potion
  4590 | D:5      | 4590 ||| READING 2 scrolls of identify.
  4590 | D:5      | 4590 ||| IDENTIFYING grey potion
  4591 | D:5      | 4591 ||| DROPPING potion of degeneration.
  4592 | D:5      | 4592 ||| DROPPING potion of ambrosia.
  4593 | D:5      | 4593 ||| DROPPING potion of flight.
  4594 | D:5      | 4594 ||| DROPPING potion of lignification.
  4920 | D:6      | 4920 ||| STAIRDANCE
  4942 | D:6      | 4942 ||| Stepping ~*~*~tactically~*~*~ (stealth).
  4962 | D:6      | Reached skill level 10 in Unarmed Combat
  5058 | D:6      | 5058 ||| INVOKING Fiery Armour.
  5062 | D:6      | 5062 ||| Stepping ~*~*~tactically~*~*~ (hiding).
  5070 | D:6      | 5070 ||| Stepping ~*~*~tactically~*~*~ (outnumbered).
  5080 | D:6      | Reached XP level 9. HP: 65/84 MP: 9/9
  5137 | D:6      | Found an ornate altar of the Wu Jian Council.
  5176 | D:6      | 5176 ||| Stepping ~*~*~tactically~*~*~ (stealth).
  5178 | D:6      | 5178 ||| Stepping ~*~*~tactically~*~*~ (stealth).
  5186 | D:6      | Reached skill level 11 in Unarmed Combat
  5203 | D:6      | Identified the +1 whip "Tacesch" {vorpal, rElec rC+ Str-3
                  | Stlth+}
  5263 | D:6      | 5263 ||| Stepping ~*~*~tactically~*~*~ (stealth).
  5461 | D:6      | 5461 ||| UPGRADING to ring of protection from fire.
  5463 | D:6      | 5463 ||| DRINKING 2 glowing dark potions.
  5493 | D:5      | 5493 ||| Stepping randomly (stuck).
  5635 | D:7      | Found an iron altar of Okawaru.
  5636 | D:7      | Found a sacrificial altar of Ru.
  5685 | D:7      | 5685 ||| Stepping ~*~*~tactically~*~*~ (hiding).
  5698 | D:7      | 5698 ||| Stepping ~*~*~tactically~*~*~ (stealth).
  5699 | D:7      | 5699 ||| Stepping ~*~*~tactically~*~*~ (stealth).
  5923 | D:7      | Found a hazy altar of Hepliaklqana.
  6019 | D:7      | 6019 ||| READING scroll labelled SIRORH LAASMA.
  6022 | D:7      | 6022 ||| READING scroll labelled FUAMOAKUNO.
  6022 | D:7      | Identified a scroll of acquirement
  6022 | D:7      | 6022 ||| ACQUIRING +1 robe of the Trombone {rCorr Int+2
                  | Dex+4}
  6022 | D:7      | Acquired the +1 robe of the Trombone {rCorr Int+2 Dex+4}
  6024 | D:7      | 6024 ||| UPGRADING to +1 robe of the Trombone {rCorr Int+2
                  | Dex+4}.
  6034 | D:7      | 6034 ||| DROPPING +0 robe.
  6035 | D:7      | 6035 ||| READING 2 scrolls of identify.
  6035 | D:7      | 6035 ||| IDENTIFYING bubbling coppery potion
  6036 | D:7      | 6036 ||| DROPPING potion of berserk rage.
  6070 | D:8      | Noticed Gastronok
  6070 | D:8      | Found Nyitun's Antique Weapon Emporium.
  6071 | D:8      | 6071 ||| INVOKING Fiery Armour.
  6073 | D:8      | 6073 ||| Stepping ~*~*~tactically~*~*~ (outnumbered).
  6074 | D:8      | 6074 ||| STAIRDANCE
  6076 | D:7      | 6076 ||| Stepping ~*~*~tactically~*~*~ (outnumbered).
  6084 | D:8      | 6084 ||| STAIRDANCE
  6093 | D:8      | 6093 ||| STAIRDANCE
  6113 | D:8      | 6113 ||| Stepping ~*~*~tactically~*~*~ (outnumbered).
  6116 | D:8      | HP: 21/84 [Gastronok (20)]
  6117 | D:8      | 6117 ||| DRINKING potion of heal wounds.
  6121 | D:8      | Killed Gastronok
  6122 | D:8      | Reached skill level 12 in Unarmed Combat
  6190 | D:8      | Reached XP level 10. HP: 93/93 MP: 10/10
  6202 | D:8      | 6202 ||| Stepping ~*~*~tactically~*~*~ (stealth).
  6204 | D:8      | 6204 ||| Stepping ~*~*~tactically~*~*~ (stealth).
  6261 | D:8      | 6261 ||| Stepping ~*~*~tactically~*~*~ (hiding).
  6264 | D:8      | 6264 ||| Stepping ~*~*~tactically~*~*~ (hiding).
  6562 | D:8      | 6562 ||| UPGRADING to +1 hat of intelligence.
  6567 | D:8      | 6567 ||| UPGRADING to +0 acid dragon scales.
  6577 | D:8      | 6577 ||| DROPPING +1 robe of the Trombone {rCorr Int+2
                  | Dex+4}.
  6605 | D:9      | Reached skill level 1 in Armour
  6780 | D:9      | Found a stormy altar of Qazlal.
  6787 | D:9      | Found a blossoming altar of Fedhas.
  6807 | D:9      | 6807 ||| Stepping ~*~*~tactically~*~*~ (stealth).
  6856 | D:9      | 6856 ||| Stepping ~*~*~tactically~*~*~ (hiding).
  6858 | D:9      | 6858 ||| INVOKING Fiery Armour.
  6859 | D:9      | 6859 ||| Stepping ~*~*~tactically~*~*~ (outnumbered).
  6864 | D:9      | Reached skill level 13 in Unarmed Combat
  6865 | D:9      | 6865 ||| Stepping ~*~*~tactically~*~*~ (outnumbered).
  6873 | D:9      | 6873 ||| Stepping ~*~*~tactically~*~*~ (outnumbered).
  6980 | D:9      | Found a burning altar of Makhleb.
  7101 | D:9      | Found a staircase to the Orcish Mines.
  7146 | D:9      | 7146 ||| Stepping ~*~*~tactically~*~*~ (outnumbered).
  7147 | D:9      | 7147 ||| Stepping ~*~*~tactically~*~*~ (outnumbered).
  7148 | D:9      | 7148 ||| Stepping ~*~*~tactically~*~*~ (outnumbered).
  7156 | D:9      | 7156 ||| INVOKING Fiery Armour.
  7162 | D:9      | HP: 21/96 [yak (8)]
  7163 | D:9      | 7163 ||| READING scroll of teleportation.
  7167 | D:9      | HP: 14/96 [yak (7)]
  7220 | D:9      | 7220 ||| Stepping ~*~*~tactically~*~*~ (outnumbered).
  7232 | D:9      | Reached skill level 14 in Unarmed Combat
  7532 | D:9      | 7532 ||| READING scroll of enchant armour.
  7532 | D:9      | 7532 ||| ENCHANTING +0 acid dragon scales.
  7662 | D:9      | 7662 ||| READING 5 scrolls of identify.
  7662 | D:9      | 7662 ||| IDENTIFYING fizzy red potion
  7768 | D:10     | Entered Level 10 of the Dungeon
  7925 | D:10     | 7925 ||| Stepping ~*~*~tactically~*~*~ (hiding).
  7938 | D:10     | Reached skill level 6 in Fighting
  7939 | D:10     | 7939 ||| INVOKING Fiery Armour.
  7950 | D:10     | 7950 ||| DRINKING 5 potions of curing.
  7950 | D:10     | 7950 ||| (to cure confusion)
  8046 | D:10     | Noticed Urug
  8050 | D:10     | Killed Urug
  8051 | D:10     | Reached XP level 11. HP: 75/105 MP: 11/11
  8051 | D:10     | 8051 ||| FLEEEEING.
  8099 | D:10     | Found a staircase to the Lair.
  8285 | D:10     | 8285 ||| Stepping ~*~*~tactically~*~*~ (stealth).
  8316 | D:10     | Identified the +1 robe "Wupajex" {Int+3}
  8407 | D:10     | Identified the -1 pair of boots of Sangupur {rElec rPois
                  | Will+ Int-4}
  8472 | D:10     | 8472 ||| INVOKING Fiery Armour.
  8475 | D:10     | 8475 ||| Stepping ~*~*~tactically~*~*~ (outnumbered).
  8483 | D:10     | 8483 ||| Stepping ~*~*~tactically~*~*~ (outnumbered).
  8484 | D:10     | 8484 ||| Stepping ~*~*~tactically~*~*~ (outnumbered).
  8485 | D:10     | 8485 ||| Stepping ~*~*~tactically~*~*~ (outnumbered).
  8486 | D:10     | 8486 ||| Stepping ~*~*~tactically~*~*~ (outnumbered).
  8493 | D:10     | Reached skill level 15 in Unarmed Combat
  8625 | D:10     | Found a bloodstained altar of Trog.
  8625 | D:10     | Found a broken altar of Ashenzari.
  8672 | D:10     | 8672 ||| PLANNING LAIR
  8672 | D:10     | 8672 ||| DROPPING +1 robe "Wupajex" {Int+3}.
  8716 | Lair:1   | Entered Level 1 of the Lair of Beasts
  8717 | Lair:1   | 8717 ||| Stepping ~*~*~tactically~*~*~ (hiding).
  8723 | Lair:1   | Reached skill level 3 in Armour
  8726 | Lair:1   | 8726 ||| INVOKING Fiery Armour.
  8743 | Lair:1   | HP: 23/105 [komodo dragon (25)]
  8745 | Lair:1   | 8745 ||| Stepping ~*~*~tactically~*~*~ (outnumbered).
  8746 | Lair:1   | 8746 ||| Stepping ~*~*~tactically~*~*~ (outnumbered).
  8747 | Lair:1   | 8747 ||| Stepping ~*~*~tactically~*~*~ (outnumbered).
  8748 | Lair:1   | 8748 ||| Stepping ~*~*~tactically~*~*~ (outnumbered).
  8748 | Lair:1   | HP: 21/105 [yak (6)]
  8749 | Lair:1   | 8749 ||| Stepping ~*~*~tactically~*~*~ (outnumbered).
  8750 | Lair:1   | 8750 ||| Stepping ~*~*~tactically~*~*~ (outnumbered).
  8751 | Lair:1   | 8751 ||| Stepping ~*~*~tactically~*~*~ (outnumbered).
  8758 | Lair:1   | 8758 ||| Stepping ~*~*~tactically~*~*~ (outnumbered).
  8761 | Lair:1   | 8761 ||| Stepping ~*~*~tactically~*~*~ (outnumbered).
  8768 | Lair:1   | HP: 23/105 [yak (11)]
  8827 | Lair:1   | 8827 ||| Stepping ~*~*~tactically~*~*~ (stealth).
  8828 | Lair:1   | 8828 ||| Stepping ~*~*~tactically~*~*~ (stealth).
  8828 | Lair:1   | Noticed a death yak
  8830 | Lair:1   | 8830 ||| Stepping ~*~*~tactically~*~*~ (stealth).
  8830 | Lair:1   | Noticed a death yak
  8831 | Lair:1   | 8831 ||| Stepping ~*~*~tactically~*~*~ (stealth).
  8833 | Lair:1   | Noticed an eight-headed hydra
  8834 | Lair:1   | 8834 ||| Stepping ~*~*~tactically~*~*~ (stealth).
  8835 | Lair:1   | 8835 ||| Stepping ~*~*~tactically~*~*~ (stealth).
  8840 | Lair:1   | 8840 ||| Stepping ~*~*~tactically~*~*~ (outnumbered).
  8843 | Lair:1   | Killed a death yak
  8844 | Lair:1   | Reached skill level 16 in Unarmed Combat
  8844 | Lair:1   | 8844 ||| Stepping ~*~*~tactically~*~*~ (stealth).
  8850 | Lair:1   | 8850 ||| Stepping ~*~*~tactically~*~*~ (outnumbered).
  8854 | Lair:1   | 8854 ||| INVOKING Fiery Armour.
  8855 | Lair:1   | HP: 24/105 [death yak (8)]
  8857 | Lair:1   | Killed a death yak
  8914 | Lair:1   | Killed a ten-headed hydra
  8932 | Lair:1   | 8932 ||| Stepping ~*~*~tactically~*~*~ (outnumbered).
  8933 | Lair:1   | 8933 ||| Stepping ~*~*~tactically~*~*~ (outnumbered).
  8934 | Lair:1   | 8934 ||| Stepping ~*~*~tactically~*~*~ (outnumbered).
  8935 | Lair:1   | 8935 ||| Stepping ~*~*~tactically~*~*~ (outnumbered).
  8936 | Lair:1   | 8936 ||| Stepping ~*~*~tactically~*~*~ (outnumbered).
  8937 | Lair:1   | 8937 ||| Stepping ~*~*~tactically~*~*~ (outnumbered).
  8938 | Lair:1   | 8938 ||| Stepping ~*~*~tactically~*~*~ (outnumbered).
  8939 | Lair:1   | 8939 ||| Stepping ~*~*~tactically~*~*~ (outnumbered).
  8940 | Lair:1   | 8940 ||| Stepping ~*~*~tactically~*~*~ (outnumbered).
  8943 | Lair:1   | 8943 ||| Stepping ~*~*~tactically~*~*~ (outnumbered).
  8945 | Lair:1   | 8945 ||| Stepping ~*~*~tactically~*~*~ (outnumbered).
  8946 | Lair:1   | 8946 ||| Stepping ~*~*~tactically~*~*~ (outnumbered).
  8947 | Lair:1   | 8947 ||| Stepping ~*~*~tactically~*~*~ (outnumbered).
  8948 | Lair:1   | 8948 ||| Stepping ~*~*~tactically~*~*~ (outnumbered).
  8949 | Lair:1   | 8949 ||| Stepping ~*~*~tactically~*~*~ (outnumbered).
  8975 | Lair:1   | 8975 ||| Stepping ~*~*~tactically~*~*~ (cloud).
  8977 | Lair:1   | 8977 ||| Stepping randomly (cloudy).
  8978 | Lair:1   | 8978 ||| Stepping ~*~*~tactically~*~*~ (cloud).
  8979 | Lair:1   | 8979 ||| Stepping ~*~*~tactically~*~*~ (cloud).
  8980 | Lair:1   | 8980 ||| Stepping ~*~*~tactically~*~*~ (cloud).
  8982 | Lair:1   | 8982 ||| Stepping ~*~*~tactically~*~*~ (outnumbered).
  8984 | Lair:1   | 8984 ||| INVOKING Fiery Armour.
  8985 | Lair:1   | 8985 ||| Stepping randomly (cloudy).
  8985 | Lair:1   | HP: 26/109 [ice beast[an ice statue] (11)]
  8986 | Lair:1   | 8986 ||| DRINKING potion of heal wounds.
  8988 | Lair:1   | 8988 ||| Stepping ~*~*~tactically~*~*~ (cloud).
  8989 | Lair:1   | 8989 ||| Stepping ~*~*~tactically~*~*~ (outnumbered).
  8990 | Lair:1   | 8990 ||| Stepping ~*~*~tactically~*~*~ (cloud).
  8991 | Lair:1   | 8991 ||| Stepping ~*~*~tactically~*~*~ (outnumbered).
  8992 | Lair:1   | 8992 ||| Stepping ~*~*~tactically~*~*~ (outnumbered).
  8993 | Lair:1   | 8993 ||| Stepping ~*~*~tactically~*~*~ (outnumbered).
  9039 | Lair:1   | 9039 ||| Stepping ~*~*~tactically~*~*~ (cloud).
  9054 | Lair:1   | 9054 ||| Stepping ~*~*~tactically~*~*~ (cloud).
  9061 | Lair:1   | HP: 26/109 [ice beast[an ice statue] (14)]
  9062 | Lair:1   | 9062 ||| Stepping randomly (stuck).
  9062 | Lair:1   | HP: 2/109 [ice statue] (24)]
  9063 | Lair:1   | 9063 ||| Stepping ~*~*~tactically~*~*~ (cloud).
  9070 | Lair:1   | Killed from afar by an ice statue

Levels and vault maps discovered:
D:1:      minmay_arrival_up_and_down, layout_basic, kennysheep_small_spiral
D:2:      layout_rooms, basic_ecumenical_altar
D:3:      layout_loops_cross, gammafunk_ghost_abyssal_escape,
          kennysheep_generic_room_3, uniq_terence
D:4:      layout_loops_cross, temple_green, minmay_misc_feat_tiny
D:5:      minmay_razor_zed, layout_loops_ring,
          mainiacjoe_overflow_six_doors_small, xom_confusion_cloud
D:6:      layout_basic, nzn_wu_jian_council_hall
D:7:      layout_cave_pools, gammafunk_temple_overflow_pools,
          nzn_hepliaklqana_mist_gate, minmay_misc_feat_four_crosses,
          minivault_25
D:8:      layout_rooms, serial_shops, nicolae_stop_n_shop_2, uniq_gastronok
D:9:      layout_stronghold, grunt_temple_overflow_forces_of_nature,
          kennysheep_mini_moat, orc_0_dummy, kennysheep_minor_cross
D:10:     layout_cave_pods, gammafunk_temple_overflow_statue,
          david_lair_shrubbed, uniq_urug
Lair:1:   dreamdust_isle_of_ice, layout_chaotic_city,
          grunt_forest_small_clearings, serial_bayou_pond_e, st_stairs_9,
          grunt_megastairs_4

Skill      XL: |  1  2  3  4  5  6  7  8  9 10 11 |
---------------+----------------------------------+-----
Unarmed Combat | 4 5 6 7 8 10 12 14 16 | 16.2
Throwing       | 1 2 3 4 5 |  5.1
Fighting       | 3 4 6 7 |  7.1
Dodging        | 1 2 |  2.0
Armour         | 2 3 |  3.0
Spellcasting   | |  1.0
Fire Magic     | |  2.1

Action                   |  1- 3 |  4- 6 |  7- 9 | 10-12 || total
-------------------------+-------+-------+-------+-------++-------
Melee: Unarmed           |   109 |   105 |   145 |   294 ||   653
       Punch             |     2 |     2 |     7 |    31 ||    42
Throw: Large rock        |       |    26 |    15 |     2 ||    43
       Boomerang         |       |       |    11 |     9 ||    20
       Javelin           |       |       |     4 |    28 ||    32
Invok: Fiery Armour      |       |     2 |     3 |     7 ||    12
  Use: Scroll            |     7 |     3 |     7 |     3 ||    20
       Potion            |     2 |     2 |     3 |     2 ||     9
Armor: Robe              |    21 |    26 |    65 |     2 ||   114
       Acid dragon scale |       |       |       |   150 ||   150
Dodge: Dodged            |    36 |    50 |    44 |   105 ||   235

Table legend:
 A = Non-vault XP
 B = Vault XP
 C = Vault XP percentage of total XP
 D = Non-vault monster count
 E = Vault monster count
 F = Vault count percentage of total count
                 A         B        C        D         E       F
            +---------+---------+-------+---------+---------+-------
      Total |   14158 |    7400 |  34.3 |     238 |      36 |  13.1
            +---------+---------+-------+---------+---------+-------
        D:1 |      43 |       0 |   0.0 |      24 |       0 |   0.0
        D:2 |      43 |       0 |   0.0 |      20 |       0 |   0.0
        D:3 |      49 |      39 |  44.3 |      15 |       2 |  11.8
        D:4 |     347 |       0 |   0.0 |      29 |       0 |   0.0
        D:5 |     462 |     921 |  66.6 |      20 |      18 |  47.4
        D:6 |    1424 |       0 |   0.0 |      32 |       0 |   0.0
        D:7 |     577 |       0 |   0.0 |      11 |       0 |   0.0
        D:8 |     781 |    1481 |  65.5 |      10 |       1 |   9.1
        D:9 |    2783 |       0 |   0.0 |      39 |       0 |   0.0
       D:10 |    4016 |    1145 |  22.2 |      24 |       2 |   7.7
     Lair:1 |    3633 |    3814 |  51.2 |      14 |      13 |  48.1
            +---------+---------+-------+---------+---------+-------
